← All builds
Geo sea / Cortex / Economy first / OBSERVED BUILD

Standard geo sea

The role's default economy-first play: bot lab then shipyard in the cove, quick frigate/submarine/destroyer navy to contest sea and hold the coast, transitioning into whatever the sea fight needs.

Usually shipyard in the cove (98%)

#naval #eco · 963 distinct matches · 100 players · 83% of Cortex Geo sea games · team won 51% of 1080 · Recently observed

HOW TO PLAY IT

Key timing: Shipyard by 3:18

  1. Open 3 mex, wind and solar, then Bot Lab.
  2. Get a BP and costal torpedo launcher up before the Shipyard.
  3. Put up Shipyard once you can defend it.
  4. Push out "submarine" and "frigate" to contest the sea.
  5. Add geothermal to fund the fleet transition into "destroyer", "missile corvette".

Phase by phase

TYPICAL OF ITS 963 GAMES
  1. 1
  2. 2
  3. 3
  4. 4
PLAY THE OPENING

Follow the example game's first 6:00 step by step: what to build now, what comes next, and where it goes. At 1× it keeps pace with your own game.

  1. 1

    Up to the Bot Lab

    Economy
    • Metal Extractor3Mex
    • Wind Turbine3Wind
    Order
    1. Bot LabBot Lab after 3 mex, 3 winddone ~1:12, middle half 1:06–1:25

    Some games also: wind for allies (49%)

    By 0:55 in all: 3 mex · 3 wind

    The example game in this phase · 3 steps
    1. Mex ×3
    2. Wind ×4
    3. Bot LabBot Labdone 1:13 · typical 1:12
  2. 2

    Bot Lab to Shipyard

    Economy
    • Metal Extractor1Mex
    • Wind Turbine2Wind
    Order
    1. ShipyardShipyard after 4 mex, 5 wind, 1 energy storagedone ~3:17, middle half 3:02–3:33
    Builders
    • Construction Bot3 Con bot
    • Graverobber2 Graverobber
    Army
    • Grunt1 Grunt

    Some games also: con turret (46%) · trasher (39%) · energy storage (34%) · wind for allies (32%)

    By 2:51 in all: 4 mex · 5 wind · 1 energy storage

    The example game in this phase · 18 steps
    1. GraverobberGraverobber ×3
    2. Construction BotCon bot
    3. TrasherTrasher
    4. Con turret
    5. GruntGrunt ×2
    6. Wind
    7. Construction BotCon bot
    8. Wind
    9. Energy storage
    10. Construction BotCon bot
    11. Con turret
    12. Mex
    13. JellyfishJellyfish
    14. Converter ×2
    15. Mex
    16. Converter
    17. Radar TowerRadar Tower ×2
    18. ShipyardShipyarddone 4:02 · typical 3:17
  3. 3

    Shipyard to 5:00

    Economy
    • Metal Extractor4Mex
    Builders
    • Construction Ship1 Con ship
    Army
    • Riptide2 Frigate
    • Orca1 Submarine
    Other
    • Radar Tower1 Radar Tower

    Some games also: Guard (49%) · wind (48%) · missile corvette (48%) · destroyer (46%) · gunboat (41%)

    By 5:00 in all: 8 mex · 6 wind · 1 energy storage · 1 con turret

    The example game in this phase · 16 steps
    1. Mex
    2. Converter
    3. GuardGuard
    4. RiptideFrigatedone 4:14 · typical 4:36
    5. Converter
    6. GuardGuard ×2
    7. Converter
    8. RiptideFrigate
    9. GuardGuard
    10. Wind
    11. GuardGuard
    12. Wind
    13. Radar TowerRadar Tower
    14. Construction ShipCon ship
    15. Wind
    16. Geothermal PowerplantGeodone 7:27 · typical 7:58
  4. 4

    5:00 to 10:00

    Economy
    • Metal Extractor2Mex
    • Wind Turbine8Wind
    • Energy Converter1Converter
    Builders
    • Construction Turret1 Con turret
    • Death Cavalry2 Death Cavalry
    • Construction Ship1 Con ship
    Army
    • Guard2 Guard
    • Riptide5 Frigate
    • Oppressor2 Destroyer
    Other
    • Naval Radar / Sonar Tower2 Naval Radar / Sonar Tower

    Some games also: geo (48%) · Thistle (41%) · submarine (34%)

    By 10:00 in all: 10 mex · 15 wind · 1 geo · 4 converter · 1 energy storage · 2 con turret

    The example game in this phase · 82 steps
    1. Wind ×2
    2. HerringMissile corvette
    3. Mex
    4. Wind ×2
    5. OppressorDestroyerdone 7:07 · typical 5:52
    6. Wind
    7. Mex
    8. Con turret
    9. Wind ×8
    10. Death CavalryDeath Cavalry
    11. Converter ×4
    12. RiptideFrigate
    13. Converter ×2
    14. RiptideFrigate
    15. Advanced Metal ExtractorT2 mexdone 8:24 · typical 9:22
    16. UrchinUrchin
    17. RiptideFrigate
    18. Advanced Metal ExtractorT2 mex
    19. OppressorDestroyer
    20. Advanced Metal ExtractorT2 mex
    21. Death CavalryDeath Cavalry
    22. Advanced Metal ExtractorT2 mex
    23. HerringMissile corvette
    24. RiptideFrigate ×2
    25. Con turret
    26. Naval Radar / Sonar TowerNaval Radar / Sonar Tower
    27. Advanced Metal ExtractorT2 mex
    28. Con turret
    29. Mex
    30. RiptideFrigate
    31. UrchinUrchin
    32. OppressorDestroyer
    33. Wind
    34. Death CavalryDeath Cavalry
    35. Wind
    36. Advanced Metal ExtractorT2 mex
    37. Wind
    38. HerringMissile corvette
    39. Wind
    40. RiptideFrigate
    41. Wind ×2
    42. RiptideFrigate
    43. Naval Radar / Sonar TowerNaval Radar / Sonar Tower
    44. Wind
    45. RiptideFrigate
    46. Wind ×2
    47. OppressorDestroyer
    48. Wind
    49. Death CavalryDeath Cavalry
    50. Wind ×2
    51. HerringMissile corvette
    52. Wind
    53. Construction ShipCon ship
    54. Wind
    55. Advanced Geothermal PowerplantAdvanced Geothermal Powerplantdone 13:55
    56. Wind
    57. RiptideFrigate ×2
    58. Naval Construction Turret ×2
    59. Advanced ShipyardAdvanced Shipyarddone 13:43
    60. RiptideFrigate
    61. Con turret ×2
    62. OppressorDestroyer
    63. Con turret ×2
    64. Death CavalryDeath Cavalry
    65. Con turret
    66. HerringMissile corvette
    67. Con turret
    68. RiptideFrigate
    69. Advanced Construction SubAdvanced Construction Sub
    70. RiptideFrigate
    71. Bot LabBot Labdone 14:30
    72. Death CavalryDeath Cavalry
    73. PathfinderPathfinder
    74. Naval Radar / Sonar TowerNaval Radar / Sonar Tower
    75. PathfinderPathfinder
    76. GruntGrunt
    77. GuardGuard
    78. GruntGrunt
    79. PathfinderPathfinder
    80. GruntGrunt ×3
    81. PathfinderPathfinder ×2
    82. GruntGrunt

Counts are medians over the build's games: half of them build more, half fewer. The example game is [MooDeng]NongJohn's (41 OS, 22/09/2026); pick another.

Team trades

IN AT LEAST 30% OF ITS GAMES

You hand over

  • Wind Turbine2 Wind to Airfirst at 1:48 · in 72% of games

You get

  • Finch1 Finch from Airfirst at 1:51 · in 83% of games
  • Hercules1 Light transport from Airfirst at 2:00 · in 75% of games
  • Advanced Construction Bot1 T2 con bot from Techfirst at 7:44 · in 89% of games

How it plays out

Typical game of this build, running totals by minute

Metal produced

010k20k30k
0:005:0010:0015:00

metal

Enemy metal destroyed

05k10k
0:005:0010:0015:00

metal

Own metal lost

02.5k5k7.5k
0:005:0010:0015:00

metal

1080 games.

Show as table
ByMetal produced: This buildEnemy metal destroyed: This buildOwn metal lost: This build
1:0039700
2:0092800
3:00156700
4:002904051
5:00410713052
6:005463440242
7:006945931551
8:0086161570905
9:001049424631363
10:001261536342071
11:001522148872926
12:001812964053801
13:002147974014458
14:002507986465388
15:002882297766321
WHAT THE NUMBERS SAY

Standard Cortex geo sea sits at an even 50% win rate, trading a slower start for a big resource lead by 15:00.

  • + Metal produced hits 28451 by 15:00, well above both front roles
  • + Own metal lost stays far below enemy metal destroyed at every checkpoint
  • − Only 50% team win rate, the lowest of these six builds
  • − T2 factory only completes in 40% of games by 12:53
THE EXAMPLE YOU ARE READING

[MooDeng]NongJohn

40.8 OS · 22/09/2026

Open source match ↗

5 received units · includes a constructor
515 metal received · 26326 energy received

Allied construction assistance is unknown. Timings are observations, not a promise of solo reproducibility.

Typical milestones

Bot Lab1:12Middle 50%: 1:06–1:25 · n=1069
Shipyard3:17Middle 50%: 3:02–3:33 · n=1074
Orca4:20Middle 50%: 3:54–5:00 · n=747
Riptide4:36Middle 50%: 4:08–5:21 · n=1048
Oppressor5:52Middle 50%: 5:09–6:34 · n=977
Geothermal Powerplant7:58Middle 50%: 7:00–8:59 · n=648
Advanced Metal Extractor9:22Middle 50%: 8:46–10:10 · n=926

Played most by

sirniho121games of this buildSHOGVN86games of this buildOptimusprimenutt84games of this buildPRO_Rerory47games of this buildhihimik41games of this build